 Dungeon Crawl Stone Soup version 0.21.1-1-g345015f (webtiles) character file.

63 shakethe the Chopper (level 3, -1/27 HPs)
             Began as a Demonspawn Gladiator on Feb 16, 2018.
             Succumbed to a goblin's poison
             ... on level 2 of the Dungeon.
             The game lasted 00:05:43 (1132 turns).

shakethe the Chopper (Demonspawn Gladiator)         Turns: 1132, Time: 00:05:44

Health: -1/27      AC:  8    Str: 15    XL:     3   Next: 89%
Magic:  3/3        EV: 11    Int:  9    God:
Gold:   61         SH:  0    Dex: 14    Spells: 2/2 levels left

rFire    . . .     SeeInvis .   a - +0 war axe
rCold    . . .     Gourm    .   (no shield)
rNeg     . . .     Faith    .   i - +0 ring mail
rPois    .         Spirit   .   c - +0 helmet
rElec    .         Reflect  .   (no cloak)
rCorr    .         Harm     .   (no gloves)
MR       .....                  (no boots)
Stlth    +.........             (no amulet)
HPRegen  0.09/turn              (no ring)
MPRegen  0.08/turn              (no ring)

@: lethally poisoned (-1 -> -22)
A: slimy green scales 1, powered by death 1
a: no special abilities


You were on level 2 of the Dungeon.
You were hungry.

You visited 1 branch of the dungeon, and saw 2 of its levels.

You collected 61 gold pieces.

Inventory:

Hand Weapons
 a - a +0 war axe (weapon)
Missiles
 d - 3 throwing nets {=f, !d}
Armour
 c - a +0 helmet (worn)
 i - a +0 ring mail (worn)
   (You found it on level 1 of the Dungeon)
Scrolls
 b - a scroll of blinking {unknown}
 g - 2 scrolls of teleportation {unknown}
 l - a scroll of identify {unknown}
 n - a scroll of fear {unknown}
 o - a scroll of fog {unknown}
Potions
 e - a potion of flight {unknown}
 h - a potion of curing {unknown}
 j - a potion of agility {unknown}
 k - a potion of resistance
 m - a potion of haste {unknown}
Comestibles
 f - 3 rations


   Skills:
 - Level 2.0 Fighting
 + Level 4.4 Axes
 - Level 1.7 Throwing
 - Level 2.6 Dodging


You had 2 spell levels left.
You didn't know any spells.

Dungeon Overview and Level Annotations

Branches:
Dungeon (2/15)

Altars:

Annotations:
D:2 Robin, Sigmund


Innate Abilities, Weirdness & Mutations

You are partially covered in slimy green scales. (AC +2)
You regenerate a little health from kills.


Message History

The dart slug launches a dart at you. The slug dart hits you!
You see here a leather armour.
You take 3 damage, and have 24/27 hp.
You hit the dart slug.
The dart slug bites you but does no damage.
You slash the dart slug!
You kill the dart slug!
Health restored: 27 As you open the door, it creaks loudly! 2 goblins, a hobgoblin and Robin come into view.
The goblin shouts! x2; The hobgoblin shouts!
You hear a shout! x3
You hit the goblin.
You kill the goblin!
The hobgoblin hits you but does no damage.
Robin throws the goblin at you!
There is an open door here.
Things that are here:
a club; a goblin corpse You closely miss the hobgoblin.
You miss the goblin. The goblin hits you with a club.
The hobgoblin closely misses you.
Robin roars a battlecry!
The goblins go into a battle-frenzy!
The hobgoblin hits you but does no damage.
Robin says, "Feeling lonely?"
The goblin misses you.
A goblin comes into view.
You take 4 damage, and have 23/27 hp.
You hit the hobgoblin but do no damage. You completely miss the goblin.
Robin throws the goblin at you! The hobgoblin hits you.
The goblin barely misses you. x2
A goblin comes into view. It is wielding a dagger.
You take 1 damage, and have 22/27 hp.
You hit the hobgoblin. You barely miss the goblin. You slash the goblin!
You kill the goblin!
Robin roars a battlecry!
The hobgoblin barely misses you. The goblin barely misses you.
You closely miss the goblin. You hit the hobgoblin.
You kill the hobgoblin!
Robin closely misses you. The goblin barely misses you.
You hit the goblin but do no damage. Robin throws the goblin at you!
The goblin hits you with a club. The goblin misses you.
Robin completely misses you.
A goblin comes into view.
You take 3 damage, and have 21/27 hp.
You closely miss the goblin. x2; The goblin hits you but does no damage.
The goblin barely misses you. Robin throws the goblin at you!
A hobgoblin comes into view. It is wielding a club.
You miss the goblin. You closely miss the goblin. You hit the goblin.
The goblin hits you but does no damage. The goblin misses you.
The goblin closely misses you.
You slash the goblin!
You kill the goblin!
You closely miss the goblin. x2; The goblin hits you but does no damage.
The goblin misses you. Robin throws the goblin at you!
The goblin hits you with a dagger. The goblin hits you but does no damage.
You take 3 damage, and have 19/27 hp.
You closely miss the goblin. You hit the goblin.
You kill the goblin!
You barely miss the goblin. The goblin barely misses you.
The goblin misses you.
Robin hits you from afar with a trident.
The goblin closely misses you. The goblin hits you but does no damage.
Robin hits you from afar with a trident.
You take 8 damage, and have 11/27 hp.
MASSIVE DAMAGE!!
You hit the goblin.
You kill the goblin!
You barely miss the goblin.
The goblin no longer looks unusually strong.
The goblin hits you but does no damage.
You are poisoned.
Robin closely misses you.
You feel sick.
The goblin hits you with a dagger of venom.
You are lethally poisoned!
A hobgoblin comes into view. It is wielding a club.
Items here: )) †† a dagger; a club; a goblin corpse x2
You take 1 damage, and have 10/27 hp.
You closely miss the goblin.
You feel sick.
The hobgoblin no longer looks unusually strong.
The goblin hits you but does no damage.
Robin hits you from afar with a trident.
* * * LOW HITPOINT WARNING * * *
You take 7 damage, and have 3/27 hp.
MASSIVE DAMAGE!!
You closely miss the goblin.
* * * LOW HITPOINT WARNING * * *
You feel sick. The goblin closely misses you.
Robin roars a battlecry!
The goblins go into a battle-frenzy!
The goblin closely misses you.
You take 1 damage, and have 2/27 hp.
Unknown command.
* * * LOW HITPOINT WARNING * * *
You feel sick. The goblin hits you but does no damage.
You are more poisoned.
You take 1 damage, and have 1/27 hp.
You die...

#.....# #....##.#
#.....# #######..
######### ###
#.......########
#.......'......####
#....[..#####.....#
#.......# #.....##
#.###†......#
#.......
#g.gg).@....#
#.....##
#####g......#
#.....## #.......#
#.....# #########
#.....# #.....#
#.....## #####...
#.## #...


You could see Robin, 2 hobgoblins and a goblin.

Vanquished Creatures
  A gnoll (D:1)
  An adder (D:2)
  A dart slug (D:2)
  2 ball pythons (D:1)
  2 bats
  5 giant cockroaches
  10 goblins
  5 hobgoblins
  2 kobolds (D:1)
  3 frilled lizards (D:1)
  11 rats
43 creatures vanquished.

Notes
Turn   | Place    | Note
-------+----------+-------------------------------------------
     0 | D:1      | shakethe the Demonspawn Gladiator began the quest for the Orb.
     0 | D:1      | Reached XP level 1. HP: 16/16 MP: 1/1
    85 | D:1      | Reached skill level 3 in Axes
   244 | D:1      | Gained mutation: You are partially covered in slimy green scales. (AC +2) [demonic ancestry]
   244 | D:1      | Reached XP level 2. HP: 22/22 MP: 2/2
   469 | D:1      | Gained mutation: You regenerate a little health from kills. [demonic ancestry]
   469 | D:1      | Reached XP level 3. HP: 19/27 MP: 3/3
   633 | D:1      | Reached skill level 4 in Axes
   770 | D:2      | Noticed Sigmund
  1115 | D:2      | Noticed Robin
  1129 | D:2      | HP: 3/27 [Robin/trident (6)]
  1131 | D:2      | HP: 1/27 [poisoned by a goblin]
  1132 | D:2      | Succumbed to a goblin's poison

Skill      XL: |  1  2  3 |
---------------+----------+-----
Axes           | 3 4 |  4.4
Fighting       | |  2.0
Throwing       | |  1.7
Dodging        | |  2.6

Action                   || total
-------------------------++-------
Melee: War axe           ||   126
 Stab: Sleeping          ||     1
Armor: Leather armour    ||    15
       Ring mail         ||    43
Dodge: Dodged            ||   100

Vault maps used:
D:1:      onia_arrival_larder
D:2:      uniq_sigmund, uniq_robin

Table legend:
 A = Turns spent in this place as a percentage of turns spent in the entire game.
 B = Non-inter-level travel turns spent in this place as a percentage of non-inter-level travel turns spent in the entire game.
 C = Inter-level travel turns spent in this place as a percentage of turns spent in this place.
 D = Turns resting spent in this place as a percentage of non-inter-level travel turns spent in this place.
 E = Turns spent auto-exploring this place as a percentage of non-inter-level travel turns spent in this place.
 F = Non-inter-level travel turns spent in this place divided by the number of levels of this place that you've seen.
                   A       B       C       D       E      F
               +-------+-------+-------+-------+-------+----------------------
         Total | 100.0 | 100.0 |   2.4 |   0.0 |  10.7 | 552.5
       Dungeon | 100.0 | 100.0 |   2.4 |   0.0 |  10.7 | 552.5
               +-------+-------+-------+-------+-------+----------------------

Table legend:
 A = Kills in this place as a percentage of kills in entire the game.
 B = Kills by you in this place as a percentage of kills by you in the entire game.
 C = Kills by friends in this place as a percentage of kills by friends in the entire game.
 D = Other kills in this place as a percentage of other kills in the entire game.
 E = Experience gained in this place as a percentage of experience gained in the entire game.
 F = Experience gained in this place divided by the number of levels of this place that you have seen.
                   A       B       C       D       E      F
               +-------+-------+-------+-------+-------+----------------------
         Total | 100.0 | 100.0 |   N/A |   N/A | 100.0 |  45.5
       Dungeon | 100.0 | 100.0 |   N/A |   N/A | 100.0 |  45.5
               +-------+-------+-------+-------+-------+----------------------
